 Dungeon Crawl Stone Soup version 0.30-a0-989-g0d87f670db (webtiles) character file.

Game seed: 17873597587248735730

73 AstroCodex24 the Shield-Bearer (level 4, -1/35 HPs)
             Began as a Vampire Fighter on Apr 3, 2023.
             Was a Follower of Kikubaaqudgha.
             Slain by a gnoll
             ... wielding a +0 spear
              (4 damage)
             ... on level 3 of the Dungeon.
             The game lasted 00:02:16 (487 turns).

AstroCodex24 the Shield-Bearer (Vampire Fighter)     Turns: 487, Time: 00:02:17

Health: -1/35      AC:  6    Str: 17    XL:     4   Next: 8%
Magic:  4/4        EV:  9    Int: 10    God:    Kikubaaqudgha [*.....]
Gold:   34         SH:  4    Dex: 13    Spells: 3/3 levels left

rFire   . . .      SeeInvis +    a - +0 war axe
rCold   . . .      Faith    .    c - +0 buckler
rNeg    . . .      Spirit   .    b - +0 scale mail
rPois   .          Reflect  .    (no helmet)
rElec   .          Rampage  .    (no cloak)
rCorr   .                        (no gloves)
Will    .....                    (no boots) Stlth
                                 (no amulet)
HPRegen 0.45/turn                (no ring)
MPRegen 0.09/turn                (no ring)

@: healing quickly
A: alive, fangs 3, see invisible, vampiric 2
a: Exsanguinate, Renounce Religion, Unearth Wretches


You were on level 3 of the Dungeon.
You worshipped Kikubaaqudgha.
Kikubaaqudgha was aware of your devotion.
You visited 1 branch of the dungeon, and saw 3 of its levels.

You collected 34 gold pieces.

Inventory:

Hand Weapons
 a - a +0 war axe (weapon)
Armour
 b - a +0 scale mail (worn)
 c - a +0 buckler (worn)
Scrolls
 e - 2 scrolls of identify {unknown}
 f - a scroll of amnesia {unknown}
 i - a scroll of immolation {unknown}
Potions
 d - a potion of might
 g - a potion of mutation {unknown}
 h - a potion of invisibility {unknown}


   Skills:
 + Level 3.1 Fighting
 + Level 2.5 Axes
 + Level 2.9 Armour
 + Level 0.8 Dodging
 + Level 3.1 Shields


You had 3 spell levels left.
You didn't know any spells.
Your spell library contained the following spells:

 Spells                   Type           Power      Damage    Failure   Level
 Kiss of Death            Conj/Necr      0%         2d5       86%         1
 Necrotise                Necr           0%         1d4       86%         1
 Sublimation of Blood     Necr           0%         N/A       94%         2
 Vampiric Draining        Necr           0%         2d6       99%         3


Dungeon Overview and Level Annotations

Branches:
Dungeon (3/15)

Altars:
Kikubaaqudgha

Shops:
D:3 (


Innate Abilities, Weirdness & Mutations

Your natural rate of healing is accelerated.
You have razor-sharp teeth.
You have supernaturally acute eyesight. (SInv)
You are afflicted with vampirism and can become a bat while bloodless.


Message History

A gnoll comes into view. It is wielding a +0 club.
Found a scroll labelled IKHLAFYGGEA.
You closely miss the gnoll. The gnoll hits you with a +0 club.
A gnoll comes into view. It is wielding a +0 whip.
The gnoll hits you but does no damage. The gnoll hits you with a +0 club.
You slash the gnoll! Your bite misses the gnoll.
The gnoll is almost dead.
The gnoll hits you with a +0 club. The gnoll closely misses you.
You hit the gnoll.
You kill the gnoll!
Kikubaaqudgha accepts your kill. The gnoll hits you but does no damage.
The gnoll barely misses you.
You have reached level 4!
The gnoll hits you from afar with a +0 spear.
The gnoll closely misses you.
You see here a +0 club.
You barely miss the gnoll.
The gnoll hits you from afar with a +0 spear.
The gnoll barely misses you.
You hit the gnoll. Your bite misses the gnoll.
The gnoll is heavily wounded.
The gnoll hits you from afar with a +0 spear.
The gnoll hits you with a +0 halberd. The gnoll completely misses you.
The gnoll hits you from afar with a +0 spear.
You closely miss the gnoll.
The gnoll is heavily wounded.
The gnoll barely misses you. The gnoll hits you with a +0 halberd!
You closely miss the gnoll.
The gnoll is heavily wounded.
The gnoll hits you from afar with a +0 spear.
The gnoll hits you with a +0 halberd.
* * * LOW HITPOINT WARNING * * *
You closely miss the gnoll.
The gnoll is heavily wounded.
You block the gnoll's attack. The gnoll hits you but does no damage.
The gnoll hits you with a +0 halberd.
* * * LOW HITPOINT WARNING * * *
The gnoll hits you from afar with a +0 spear.
You die...
Kikubaaqudgha rasps: "You have failed me!
Welcome... death!"

#.# #.# #.# #.# #
####.#### #####g##.##
#.......# ##..@gg..)..
#.##.##.####..###..#?##
##.##.##.##....# ....
............#..###....##
##.##†##.####.........#
##.##.##.# #..###..###
..÷...†..# #..........
##.##.#### #...#####.
......# #...#


You could see 3 gnolls.

Vanquished Creatures
  A gnoll (D:3)
  4 adders (D:3)
  2 dart slugs
  3 endoplasms
  2 goblins (D:2)
  2 hobgoblins
  4 jackals (D:3)
  A kobold (D:2)
  A ball python (D:1)
  A bat (D:1)
  A frilled lizard (D:1)
  2 rats (D:1)
24 creatures vanquished.

Notes
Turn   | Place    | Note
-------+----------+-------------------------------------------
     0 | D:1      | AstroCodex24 the Vampire Fighter began the quest for the
                  | Orb.
     0 | D:1      | Reached XP level 1. HP: 17/17 MP: 1/1
   152 | D:1      | Reached XP level 2. HP: 20/23 MP: 2/2
   235 | D:3      | Found Kedu Bul's Antique Weapon Boutique.
   274 | D:3      | Gained mutation: You are afflicted with vampirism and can
                  | become a bat while bloodless. [Vampire growth]
   274 | D:3      | Reached XP level 3. HP: 23/29 MP: 3/3
   353 | D:3      | Found a faded altar of an unknown god.
   361 | D:3      | Prayed at the altar of an unknown god.
   361 | D:3      | Became a worshipper of Kikubaaqudgha
   361 | D:3      | Reached * piety under Kikubaaqudgha
   361 | D:3      | Received a gift from Kikubaaqudgha
   482 | D:3      | Reached XP level 4. HP: 28/35 MP: 4/4
   487 | D:3      | Slain by a gnoll

Illustrated notes

Levels and vault maps discovered:
D:1:      dpeg_arrival_rhombi, layout_rooms
D:2:      layout_rooms, serial_shops, nicolae_shop_trees,
          amcnicky_mini_pool_small, uniq_terence
D:3:      layout_loops_cross, basic_ecumenical_altar, serial_shops, shop, shop,
          shop, shop, shop

Skill      XL: |  1  2 |
---------------+-------+-----
Axes           | 2 |  2.5
Shields        | 3 |  3.1
Fighting       | 3 |  3.1
Armour         | |  2.9
Dodging        | |  0.8

Action                     |  1- 3 |  4- 6 || total
---------------------------+-------+-------++-------
  Melee: War axe           |    78 |     5 ||    83
         Bite              |     9 |       ||     9
 Armour: Scale mail        |    53 |     1 ||    54
  Dodge: Dodged            |    54 |     4 ||    58
  Block: Buckler           |    23 |     1 ||    24

Table legend: (Time is in decaauts)
 A = Elapsed time spent in this place.
 B = Non-inter-level travel time spent in this place.
 C = Inter-level travel time spent in this place.
 D = Time resting spent in this place.
 E = Time spent auto-exploring this place.
 F = Levels seen in this place.
 G = Mean time per level.
                   A        B        C        D        E       F      G
               +--------+--------+--------+--------+--------+-----+--------+
         Total |    522 |    516 |      6 |      0 |      0 |   3 |  174.0 |
       Dungeon |    522 |    516 |      6 |      0 |      0 |   3 |  174.0 |
               +--------+--------+--------+--------+--------+-----+--------+

Top non-repeatable levels by time:
     D:3: 281 daAuts
     D:1: 172 daAuts
     D:2: 68 daAuts
